AoeStats
← Coniopolis

Arabia

509988687Analyzed
1v1 RM · 2d ago on Sep 28, 2026· 36m 40s· 2 players
Game mode
Random Map
Map size
Tiny (2 player)
Population
200
Speed
Normal
Resources
Standard
Victory
Conquest
Starting age
Dark Age
Ending age
Imperial Age
RankedLock teamsTeams togetherTeam positionsShared explorationLock speedFull tech treeHidden civsTurbo modeCheats
Victory
Defeat
🇵🇪 Franks · Peru
1175
+15
🇦🇷 Japanese · Argentina
1148
-15
Coniopolis
7:59 Loom
10:10 Feudal Age
10:22 Man-at-Arms
10:48 Arson
11:19 Double-Bit Axe
13:07 Horse Collar
15:46 Scale Mail Armor
17:35 Forging
18:59 Fletching
25:30 Castle Age
24:21 Padded Archer Armor
25:33 Gold Mining
26:46 Wheelbarrow
25:34 Long Swordsman
25:44 Elite Skirmisher
26:27 Squires
26:15 Pikeman
27:42 Bow Saw
wh_halcon
1:50 Loom
9:42 Feudal Age
10:23 Double-Bit Axe
19:58 Gold Mining
22:29 Castle Age
20:50 Scale Barding Armor
20:56 Forging
24:14 Husbandry
26:25 Iron Casting
34:51 Wheelbarrow
35:11 Padded Archer Armor
35:58 Stone Mining
36:23 Fletching
Connection lost

Rejoining the realm…

Still unreachable

The connection could not be restored.

Session expired

The server has moved on; the page needs a fresh start.